 Dungeon Crawl Stone Soup version 0.30-a0-782-ge64f9170bb (console) character file.

Game seed: 1505070222260226590

762 utis the Grave Robber (level 7, -1/40 HPs)
             Began as a Tengu Wanderer on Feb 26, 2023.
             Slain by a gnoll sergeant
             ... wielding a +1 antimagic trident
              (13 damage)
             ... on level 6 of the Dungeon.
             The game lasted 00:27:15 (6013 turns).

utis the Grave Robber (Tengu Wanderer)              Turns: 6013, Time: 00:27:16

Health: -1/40      AC:  7    Str: 12    XL:     7   Next: 81%
Magic:  0/11       EV: 16    Int: 12    God:
Gold:   275        SH:  0    Dex: 19    Spells: 2/10 levels left

rFire   . . .      SeeInvis +    a - +8 trident {venom, rElec rPois}
rCold   . . .      Faith    .    (no shield)
rNeg    . . .      Spirit   .    d - +0 leather armour
rPois   +          Reflect  .    (helmet restricted)
rElec   +          Harm     .    (no cloak)
rCorr   .          Rampage  .    (no gloves)
Will    .....                    (boots unavailable)
Stlth   +                        (no amulet)
HPRegen 0.26/turn                u - ring of Ytaric {Dex+3 Slay+6 SInv}
MPRegen 0.12/turn                O - +4 ring of protection

@: flying quickly and evasively, quick
A: beak, talons 3, nimble flight
a: no special abilities


You were on level 6 of the Dungeon.
You visited 1 branch of the dungeon, and saw 6 of its levels.

You collected 275 gold pieces.

Inventory:

Hand Weapons
 a - the +8 trident of the Octopus King (weapon) {venom, rElec rPois}
   (You found it on level 5 of the Dungeon)

   rElec:     It insulates you from electricity.
   rPois:     It protects you from poison.
 b - a +0 sling
 i - a +0 dagger
 o - a +0 short sword
 A - a +1 long sword of draining
 J - a +0 quarterstaff
 K - a +0 short sword of draining
 L - a +1 spear of venom
Missiles
 j - 61 stones
 t - 10 poisoned darts
 I - 6 javelins
Armour
 d - a +0 leather armour (worn)
 x - a +0 chain mail
Jewellery
 c - a ring of ice
 u - the ring of Ytaric (left hand) {Dex+3 Slay+6 SInv}
   (You found it on level 3 of the Dungeon)

   [ring of see invisible]

   Dex:       It affects your dexterity (+3).
   Slay:      It affects your accuracy & damage with ranged weapons and melee
   (+6).
   SInv:      It lets you see invisible.
 C - a ring of protection from cold
 F - a ring of fire
 O - a +4 ring of protection (right hand)
 P - a ring of poison resistance
 S - a +6 ring of strength
Wands
 E - a wand of roots (11)
Scrolls
 f - a scroll of immolation {unknown}
 h - a scroll of amnesia
 k - 3 scrolls of teleportation {@r4}
 s - 2 scrolls of noise
 y - a scroll of fog {unknown}
 H - a scroll of blinking {unknown}
Potions
 e - 5 potions of curing {@q1}
 l - 3 potions of mutation {!q}
 m - 4 potions of heal wounds {@q2}
 p - a potion of attraction
 q - a potion of might {unknown}
 r - a potion of berserk rage {!q}
 w - 2 potions of lignification {unknown}
 z - 2 potions of brilliance
 B - a potion of degeneration {unknown}
 D - a potion of flight {unknown}
 G - 2 potions of ambrosia {unknown}
Miscellaneous
 g - a piece from Xom's chessboard (15/15)


   Skills:
 + Level 2.4 Fighting
 - Level 1.5(2.0) Short Blades
 - Level 1.5(1.9) Long Blades
 + Level 0.2 Polearms
 + Level 4.1 Dodging
 - Level 2.1 Unarmed Combat
 - Level 2.0 Spellcasting
 - Level 5.0 Conjurations
 - Level 5.0 Necromancy
 - Level 5.0 Air Magic
 - Level 2.0 Evocations


You had 2 spell levels left.
You knew the following spells:

 Your Spells              Type           Power      Damage    Failure   Level
k - Airstrike             Air            6%         2d(1-17)  41%         4
z - Shock                 Conj/Air       52%        1d6       4%          1
W - Swiftness             Air            13%        N/A       13%         3

Your spell library contained the following spells:

 Spells                   Type           Power      Damage    Failure   Level
 Necrotise                Necr           52%        1d6       4%          1
 Cigotuvi's Dreadful Rot  Necr/Pois/Air  18%        N/A       13%         2
 Dispel Undead            Necr           13%        3d9       41%         4


Dungeon Overview and Level Annotations

Branches:
Dungeon (6/15)             Temple (0/1) D:5

Altars:
Sif Muna
Trog
Zin

Shops:
D:5 :


Innate Abilities, Weirdness & Mutations

You have a beak for a mouth.
You have claws for feet.
Your magical nature lets you fly swiftly and evasively.


Message History

You hear a shout! x3
No target in view!
You see here a +0 flail.
A gnoll comes into view. It is wielding a +0 halberd.
The gnoll shouts!
You hear a shout! x2
A gnoll comes into view. It is wielding a +0 spear.
A gnoll sergeant comes into view. It is wielding a +1 antimagic trident.
You puncture the orc!
You kill the orc!
A gnoll comes into view. It is wielding a +0 whip.
You see here a +0 flail.
Unknown command.
Things that are here:
a +0 dagger; an orc corpse You start waiting.
A gnoll is nearby!
There are monsters nearby!
The gnoll hits you with a +0 halberd! The gnoll sergeant misses you.
You puncture the gnoll!
You kill the gnoll!
The gnoll sergeant hits you from afar with a +1 antimagic trident.
You feel your power leaking away.
You reach to attack!
You puncture the gnoll sergeant!
The gnoll sergeant looks as sick as possible!
The gnoll sergeant is heavily wounded.
The gnoll sergeant hits you from afar with a +1 antimagic trident!
* * * LOW HITPOINT WARNING * * *
You feel your power leaking away.
* * * LOW MAGIC WARNING * * *
The gnoll sergeant hits you from afar with a +1 antimagic trident!
* * * LOW HITPOINT WARNING * * *
You feel your power leaking away.
* * * LOW MAGIC WARNING * * *
The gnoll completely misses you. The gnoll sergeant barely misses you.
A gnoll comes into view. It is wielding a +0 spear.
Things that are here:
a +0 halberd; a gnoll corpse The gnoll shouts!
You hear a shout!
The gnoll sergeant hits you from afar with a +1 antimagic trident!
You die...

**,,,,,,>,,,****,,,.░
**,*,,,,,,,** **,*.░
,,,**,,,,,** ░░░░.░░░░
******,,,** ░..<....░
*******+** ░.░░.░░.░
,,,,,...* ░.░.░.░.░
*****░..░ ░..░░░..*
*░░░░..░░ ░.░.░.░.░
**,......░░ ░Q░..░*.░
,,,*░.....* ░)░.░░░.░
*****░...░* ░.g.....░
░░░░░░...░░░░░░░░░.░░░░░
...........gg....)g░
*░░░░░░)░░░░░░░░░░░░ ░.░
░)░ ░.░ ***********


You could see a gnoll sergeant (extremely poisoned) and a gnoll.

Vanquished Creatures
  An ogre (D:4)
  A phantom (D:4)
  2 scorpions
  A necrophage (D:5)
  A jelly (D:5)
  2 hounds
  2 iguanas (D:5)
  Ijyb (D:4)
  2 orc wizards
  A gnoll (D:6)
  5 adders
  An ufetubus (D:4)
  4 worms
  3 dart slugs
  17 orcs
  11 ball pythons
  11 endoplasms
  A giant cockroach (D:2)
  7 goblins
  8 hobgoblins
  8 jackals
  3 quokkas
  7 bats
  5 frilled lizards
  12 kobolds
  11 rats
128 creatures vanquished.

Vanquished Creatures (collateral kills)
  2 endoplasms (D:2)
  A goblin (D:3)
  A frilled lizard (D:5)
4 creatures vanquished.

Vanquished Creatures (others)
  7 plants (D:5)
7 creatures vanquished.

Grand Total: 139 creatures vanquished

Notes
Turn   | Place    | Note
-------+----------+-------------------------------------------
     0 | D:1      | utis the Tengu Wanderer began the quest for the Orb.
     0 | D:1      | utis set off with the following items: a +0 dagger, a piece
                  | from Xom's chessboard (15/15), a potion of berserk rage
                  | {!q}, a +0 leather armour, a potion of curing {@q1}; and
                  | the following spell memorised: Necrotise; and the following
                  | spells available to memorise: Cigotuvi's Dreadful Rot,
                  | Dispel Undead.
     0 | D:1      | Reached XP level 1. HP: 10/10 MP: 3/3
   418 | D:1      | Reached XP level 2. HP: 15/15 MP: 1/4
   915 | D:1      | Found a faded altar of an unknown god.
  1214 | D:1      | Learned a level 1 spell: Shock
  1432 | D:2      | Reached XP level 3. HP: 19/19 MP: 2/5
  1580 | D:2      | Reached skill level 5 in Necromancy
  1803 | D:2      | Reached skill level 1 in Fighting
  2040 | D:2      | Reached XP level 4. HP: 25/25 MP: 3/6
  2636 | D:3      | Identified the ring of Ytaric {Dex+3 Slay+6 SInv}
  2873 | D:3      | Found a glowing silver altar of Zin.
  2956 | D:3      | Reached skill level 1 in Long Blades
  2956 | D:3      | Gained mutation: Your magical nature lets you fly swiftly
                  | and evasively. [Tengu growth]
  2956 | D:3      | Reached XP level 5. HP: 30/30 MP: 5/7
  3489 | D:4      | Reached skill level 1 in Short Blades
  3557 | D:4      | Reached skill level 1 in Conjurations
  3557 | D:4      | Reached skill level 1 in Air Magic
  3557 | D:4      | Reached XP level 6. HP: 28/36 MP: 7/10
  3562 | D:4      | Learned a level 4 spell: Airstrike
  3779 | D:4      | Learned a level 3 spell: Swiftness
  3963 | D:4      | Noticed a black bear
  4217 | D:4      | Noticed Ijyb
  4235 | D:4      | Killed Ijyb
  4236 | D:4      | Reached XP level 7. HP: 22/40 MP: 11/11
  4798 | D:4      | Found a shimmering blue altar of Sif Muna.
  4903 | D:5      | Entered Level 5 of the Dungeon
  4946 | D:5      | Found Anodupp's Book Boutique.
  5256 | D:5      | Found a staircase to the Ecumenical Temple.
  5420 | D:5      | Reached skill level 5 in Conjurations
  5420 | D:5      | Reached skill level 5 in Air Magic
  5522 | D:5      | Noticed a moth of wrath
  5766 | D:5      | Found a bloodstained altar of Trog.
  5767 | D:5      | Found the +8 trident of the Octopus King {venom, rElec
                  | rPois}
  6013 | D:6      | Slain by a gnoll sergeant

Illustrated notes

Levels and vault maps discovered:
D:1:      evilmike_arrival_fibonacci_small, layout_loops_corners,
          shapermc_ecumenical_altar_petra
D:2:      layout_basic, chequers_serial_rivers_micro_e, minmay_surrounded
D:3:      layout_basic, lemuel_crystal_altar
D:4:      layout_basic, nicolae_sif_muna_condensation, hangedman_decor_lopped,
          uniq_ijyb
D:5:      layout_rooms, tgw_trog, minmay_temple_entry_hall, serial_shops,
          shop_fountains, minmay_lizard_king
D:6:      layout_loops_corners, mainiacjoe_overflow_alcove_1,
          mainiacjoe_overflow_24_doors, nicolae_ossuary_entry_ruins, st_stairs_3

Skill      XL: |  1  2  3  4  5  6  7 |
---------------+----------------------+-----
Dodging        | 2 3 4 |  4.1
Necromancy     | 5 |  5.0
Fighting       | 1 2 |  2.4
Long Blades    | 1 |  1.5
Short Blades   | 1 |  1.5
Spellcasting   | 2 |  2.0
Conjurations   | 1 3 5 |  5.0
Air Magic      | 1 3 5 |  5.0
Polearms       | |  0.2
Unarmed Combat | |  2.1
Evocations     | |  2.0

Action                     |  1- 3 |  4- 6 |  7- 9 || total
---------------------------+-------+-------+-------++-------
  Melee: Dagger            |     5 |       |       ||     5
         Kick              |     4 |    20 |    11 ||    35
         Short sword       |    20 |    33 |    36 ||    89
         Peck              |     3 |     9 |     4 ||    16
         Long sword        |       |    44 |     6 ||    50
         Trident           |       |       |     5 ||     5
   Fire: Sling             |     3 |       |       ||     3
   Cast: Necrotise         |    52 |    25 |    16 ||    93
         Shock             |       |     4 |    14 ||    18
  Evoke: Piece from Xom's  |       |     2 |     1 ||     3
    Use: Scroll            |       |     3 |     6 ||     9
   Stab: Sleeping          |       |     1 |     1 ||     2
         Confused          |       |     1 |     1 ||     2
 Armour: Leather armour    |     8 |    13 |     9 ||    30
  Dodge: Dodged            |    10 |    51 |    27 ||    88

Table legend: (Time is in decaauts)
 A = Elapsed time spent in this place.
 B = Non-inter-level travel time spent in this place.
 C = Inter-level travel time spent in this place.
 D = Time resting spent in this place.
 E = Time spent auto-exploring this place.
 F = Levels seen in this place.
 G = Mean time per level.
                   A        B        C        D        E       F      G
               +--------+--------+--------+--------+--------+-----+--------+
         Total |   5828 |   5583 |    245 |   1185 |   3125 |   6 |  971.3 |
       Dungeon |   5828 |   5583 |    245 |   1185 |   3125 |   6 |  971.3 |
               +--------+--------+--------+--------+--------+-----+--------+

Top non-repeatable levels by time:
     D:4: 1452 daAuts
     D:1: 1358 daAuts
     D:2: 1097 daAuts
     D:5: 980 daAuts
     D:3: 870 daAuts
     D:6: 70 daAuts
